AoeStats
← Alejandro Magno

Arabia

509543982Analyzed
1v1 RM · 4d ago on Sep 27, 2026· 124m 54s· 2 players
Game mode
Random Map
Map size
Tiny (2 player)
Population
200
Speed
Normal
Resources
Standard
Victory
Conquest
Starting age
Dark Age
Ending age
Imperial Age
RankedLock teamsTeams togetherTeam positionsShared explorationLock speedFull tech treeHidden civsTurbo modeCheats
Victory
Defeat
🇺🇸 Saracens · United States
572
+26
🇺🇸 Goths · United States
650
-20
Nozdromu
10:32 Feudal Age
11:56 Wheelbarrow
11:12 Double-Bit Axe
13:43 Town Watch
23:44 Fletching
27:50 Padded Archer Armor
28:17 Horse Collar
28:48 Loom
33:16 Castle Age
34:34 Thumb Ring
34:00 Crossbowman
34:37 Bodkin Arrow
35:06 Leather Archer Armor
37:11 Hand Cart
39:15 Town Patrol
42:09 Pikeman
42:53 Squires
46:10 Forging
46:01 Scale Mail Armor
57:27 Imperial Age
59:24 Iron Casting
59:03 Bow Saw
61:40 Gold Mining
62:54 Two-Man Saw
61:47 Stone Mining
62:04 Heavy Plow
62:31 Herbal Medicine
62:37 Devotion
63:44 Elite Mameluke
65:00 Bloodlines
65:00 Husbandry
66:17 Gold Shaft Mining
68:36 Scale Barding Armor
69:32 Blast Furnace
68:30 Light Cavalry
69:38 Chain Barding Armor
70:01 Ballistics
70:36 Bracer
72:26 Murder Holes
73:31 Onager
75:18 Capped Ram
84:47 Chain Barding Armor
83:51 Hussar
88:11 Plate Barding Armor
88:07 Ring Archer Armor
87:59 Bimaristan
91:16 Hoardings
92:16 Heresy
92:17 Faith
93:48 Conscription
95:09 Chemistry
94:16 Siege Engineers
95:41 Siege Ram
110:09 Masonry
110:28 Siege Onager
Alejandro Magno
11:41 Feudal Age
24:46 Castle Age
35:50 Scale Barding Armor
56:00 Imperial Age
55:54 Elite Skirmisher
56:55 Fletching
57:06 Padded Archer Armor
60:27 Leather Archer Armor
61:42 Bodkin Arrow
64:02 Ring Archer Armor
65:02 Ballistics
70:00 Chemistry
75:28 Light Cavalry
79:10 Light Cavalry
80:01 Bloodlines
81:50 Bracer
98:15 Hussar
102:02 Chain Barding Armor
Connection lost

Rejoining the realm…

Still unreachable

The connection could not be restored.

Session expired

The server has moved on; the page needs a fresh start.